 Dungeon Crawl Stone Soup version 0.31-b1-22-gc680215f68 (webtiles) character file.

Game seed: 13855361347648185393

4335 PaiMei the Purveyor of Pain (level 10, 0/74 (77) HPs)
             Began as a Demonspawn Necromancer on Jan 18, 2024.
             Was an Initiate of Kikubaaqudgha.
             Hit by a javelin thrown by Urug (11 damage)
             ... on level 9 of the Dungeon.
             The game lasted 00:15:23 (14247 turns).

PaiMei the Purveyor of Pain (DsNe)                 Turns: 14247, Time: 00:15:24

HP:   0/74 (77)     AC: 10    Str:  8    XL:     10   Next: 12%
MP:   20/20         EV: 16    Int: 21    God:    Kikubaaqudgha [......]
Gold: 488           SH:  0    Dex: 19    Spells: 15/23 levels left

rFire   . . .        K - +4 long sword (freeze)
rCold   . . .        (no shield)
rNeg    . . .        L - +0 steam dragon scales
rPois   .            (helmet restricted)
rElec   .            p - +0 cloak
rCorr   .            x - +2 pair of gloves
SInv    +            y - +0 pair of boots
Will    .....        (no amulet)
Stlth   ++           f - +6 ring of dexterity
HPRegen 0.32/turn    C - ring of see invisible
MPRegen 0.17/turn

%: no passive effects
@: lightly drained
A: antennae 2, claws 1, hooves 2, foul stench 1
a: Renounce Religion


You were on level 9 of the Dungeon.
You worshipped Kikubaaqudgha.
Kikubaaqudgha was noncommittal.
You visited 2 branches of the dungeon, and saw 11 of its levels.

You collected 488 gold pieces.

Inventory:

Hand Weapons
 e - a +2 dagger of speed
 r - a +2 short sword of speed
 E - a +2 whip of pain
 K - a +4 long sword of freezing (weapon)
Missiles
 o - a throwing net
 v - 9 poisoned darts
 H - 4 datura-tipped darts (quivered)
Armour
 p - a +0 cloak (worn)
 x - a +2 pair of gloves (worn)
 y - a +0 pair of boots (worn)
 I - an orb of guile
 J - an orb of light
 L - +0 steam dragon scales (worn)
Jewellery
 f - a +6 ring of dexterity (left hand)
 w - a ring of resist corrosion
 C - a ring of see invisible (right hand)
Wands
 z - a wand of charming (2)
 A - a wand of iceblast (6)
Scrolls
 c - 2 scrolls of fear {unknown}
 g - 2 scrolls of brand weapon {unknown}
 h - 4 scrolls of teleportation {unknown}
 i - 2 scrolls of vulnerability {unknown}
 l - 2 scrolls of immolation {unknown}
 m - 2 scrolls of blinking {unknown}
 n - 6 scrolls of identify {unknown}
 u - 3 scrolls of noise {unknown}
 D - 2 scrolls of enchant armour {unknown}
 F - a scroll of revelation {unknown}
 G - 2 scrolls of fog {unknown}
Potions
 a - a potion of cancellation {unknown}
 b - a potion of magic
 d - a potion of enlightenment {unknown}
 j - 5 potions of curing
 k - 2 potions of might {unknown}
 q - a potion of degeneration {unknown}
 s - 2 potions of haste
 t - a potion of heal wounds {unknown}
 B - a potion of attraction {unknown}


   Skills:
 + Level 6.8 Fighting
 + Level 7.0 Dodging
 - Level 2.8 Stealth
 + Level 7.0 Spellcasting
 + Level 9.3 Necromancy


You had 15 spell levels left.
You knew the following spells:

 Your Spells              Type           Power      Damage    Failure   Level
a - Necrotise             Necr           100%       1d9       1%          1
b - Vampiric Draining     Necr           46%        2d9       1%          3
c - Animate Dead          Necr           46%        N/A       1%          4

Your spell library contained the following spells:

 Spells                   Type           Power      Damage    Failure   Level
 Kiss of Death            Conj/Necr      100%       2d13      1%          1
 Sublimation of Blood     Necr           46%        N/A       1%          2
 Fugue of the Fallen      Necr           46%        N/A       1%          3
 Cigotuvi's Dreadful Rot  Necr/Alch/Air  40%        N/A       3%          2
 Curse of Agony           Necr           46%        N/A       5%          5
 Apportation              Tloc           14%        N/A       9%          1
 Sandblast                Erth           14%        2d6       9%          1
 Sting                    Conj/Alch      28%        1d4       9%          1
 Summon Small Mammal      Summ           28%        N/A       9%          1
 Blink                    Tloc           14%        N/A       13%         2
 Lesser Beckoning         Tloc           14%        N/A       13%         2
 Momentum Strike          Conj/Tloc      14%        3d8       13%         2
 Call Canine Familiar     Summ           7%         N/A       26%         3
 Passwall                 Erth           7%         N/A       26%         3
 Stone Arrow              Conj/Erth      14%        3d7       26%         3
 Volatile Blastmotes      Fire/Tloc      14%        2d11      26%         3
 Brom's Barrelling Bould  Conj/Erth      7%         2d3       65%         4
 Summon Blazeheart Golem  Fire/Summ      7%         N/A       65%         4
 Fireball                 Conj/Fire      3%         3d4       94%         5
 Plasma Beam              Fire/Air       3%         2x1d13    100%        6


Dungeon Overview and Level Annotations

Branches:
Dungeon (10/15)            Temple (1/1) D:7
   Lair: D:8-11         Orc: D:9-12

Altars:
Ashenzari
Cheibriados
Dithmenos
Fedhas
Gozag
Hepliaklqana
Kikubaaqudgha
Makhleb
Nemelex Xobeh
Okawaru
Qazlal
Ru
Sif Muna
Trog
Uskayaw
Vehumet
Wu Jian
Xom
Yredelemnul

Shops:
D:6 [   D:8 ==[*

Annotations:
D:9 2 transporters, PaiMei's ghost, novice DsNe; Urug


Innate Abilities, Weirdness & Mutations

You have a pair of antennae on your head.
You have sharp fingernails.
You have hoof-like feet.
You may rarely emit foul miasma when damaged in melee.


Message History

The centaur is engulfed in dark miasma.
The centaur is poisoned.
The centaur seems to slow down.
You kill the centaur!
Kikubaaqudgha accepts your kill.
Casting: Vampiric Draining (safe; 1% risk of failure)
Confirm with . or Enter, or press ? or * to list all spells.
You can't see any susceptible monsters within range! (Use Z to cast anyway.)
Things that are here:
a +0 orcbow; a centaur corpse
Things that are here:
a +0 orcbow; a centaur corpse Done exploring.
Done exploring.
Search for what [Enter for "."]? .
Unknown command.
There is a stone staircase leading down here.
You climb downwards.
Level annotation: 2 transporters, PaiMei's ghost, novice DsNe
There is a stone staircase leading up here.
There is an open door here.
There is a stone staircase leading down here.
You climb downwards.
Urug shouts!
The yak bellows! x3
Found a worn glass wand.
There is a stone staircase leading up here.
The yak gores you.
You emit a cloud of foul miasma!
Urug hits you with a +5 double sword!
You climb upwards.
Level annotation: 2 transporters, PaiMei's ghost, novice DsNe
There is a stone staircase leading down here.
Urug barely misses you. The yak attacks as it pursues you!
The yak barely misses you.
There is an open door here.
Urug attacks as she pursues you! Urug hits you with a +5 double sword!!
Urug attacks as she pursues you! Urug hits you with a +5 double sword!!
* * * LOW HITPOINT WARNING * * *
Urug throws a javelin.
The javelin pierces through you!
You die...
Urug screams, "Revenge at last!"
Kikubaaqudgha rasps: "You have failed me!
Welcome... death!"

#....#...#......#
#....'...#..)...#
#....#####......#
#..........##'###
#.....)....#...#
##..........+...# .z#
.........[).###+### ..#
..#####'##........####..#
..#..#...#...[..@.#.....#
..#..#...#..)))[..'.....#
..#..#...#...).o..#.....
..#'###..#....Y...##'#####
..#..##..#..^....[.......#
..#..##..###'#...........#
..#..........#......[...>#
..#.......>..+...........#
..#..##..#####...........#


You could see Urug and a yak.

Vanquished Creatures
  Joseph (D:8)
  2 hornets
  A steam dragon (D:9)
  2 humans (D:7)
  4 black bears
  An ice beast (D:6)
  3 orc warriors (D:9)
  2 sky beasts
  4 centaurs
  A phantom (D:5)
  A kobold brigand (D:7)
  A bullfrog (D:7)
  2 gnoll sergeants
  3 scorpions
  A wight (D:9)
  16 killer bees
  2 howler monkeys
  3 hounds
  2 gnoll boudas
  2 orc priests
  2 sleepcaps (D:7)
  An orc wizard (D:7)
  An iguana (D:5)
  14 gnolls
  7 adders
  3 dart slugs
  A ribbon worm (D:5)
  22 orcs
  3 bats
  9 endoplasms
  2 giant cockroaches
  4 goblins
  3 hobgoblins
  6 jackals
  4 quokkas
  4 ball pythons
  4 frilled lizards
  14 kobolds
  4 rats
162 creatures vanquished.

Vanquished Creatures (collateral kills)
  A ball python (D:1)
  A kobold (D:1)
  2 rats (D:1)
4 creatures vanquished.

Grand Total: 166 creatures vanquished

Notes
Turn   | Place    | Note
-------+----------+-------------------------------------------
     0 | D:1      | PaiMei the Demonspawn Necromancer began the quest for the
                  | Orb.
     0 | D:1      | Reached XP level 1. HP: 13/13 MP: 3/3
   172 | D:1      | Discovered your monstrous ancestry.
   172 | D:1      | Gained mutation: You have large cloven feet. [demonic
                  | ancestry]
   172 | D:1      | Reached XP level 2. HP: 14/19 MP: 0/5
   607 | D:1      | Reached XP level 3. HP: 18/24 MP: 1/6
  1361 | D:2      | Reached XP level 4. HP: 30/30 MP: 2/7
  1975 | D:3      | Reached skill level 5 in Necromancy
  2876 | D:4      | Learned a level 3 spell: Vampiric Draining
  2896 | D:4      | Found an opulent altar of Gozag.
  2907 | D:4      | Gained mutation: You have a pair of small antennae on your
                  | head. [demonic ancestry]
  2907 | D:4      | Reached XP level 5. HP: 36/36 MP: 0/9
  3085 | D:4      | Found a burning altar of Makhleb.
  3090 | D:4      | Reached skill level 1 in Fighting
  3463 | D:5      | Entered Level 5 of the Dungeon
  3648 | D:5      | Noticed a black bear
  3649 | D:5      | Noticed a phantom
  3680 | D:5      | Killed a phantom
  3681 | D:5      | Gained mutation: You have sharp fingernails. [demonic
                  | ancestry]
  3681 | D:5      | Reached XP level 6. HP: 17/43 MP: 9/11
  4017 | D:5      | Got the Discourse on Pyromania
  4311 | D:5      | Reached skill level 6 in Necromancy
  4311 | D:5      | Gained mutation: You may rarely emit foul miasma when
                  | damaged in melee. [demonic ancestry]
  4311 | D:5      | Reached XP level 7. HP: 51/51 MP: 2/12
  4933 | D:6      | Found Rawaet's Antique Armour Shoppe.
  5810 | D:7      | Reached XP level 8. HP: 58/60 MP: 6/14
  6337 | D:6      | Reached skill level 7 in Necromancy
  6657 | D:7      | Reached skill level 5 in Spellcasting
  7105 | D:7      | Reached skill level 5 in Dodging
  7894 | D:7      | Reached skill level 5 in Fighting
  8066 | D:7      | Gained mutation: You have a pair of antennae on your head.
                  | [demonic ancestry]
  8066 | D:7      | Reached XP level 9. HP: 66/68 MP: 12/17
  8369 | D:7      | Found an ornate altar of the Wu Jian Council.
  8387 | D:7      | Found a sacrificial altar of Ru.
  8396 | D:7      | Reached skill level 8 in Necromancy
  8544 | D:7      | Found a staircase to the Ecumenical Temple.
  8550 | Temple   | Entered the Ecumenical Temple
  8565 | Temple   | Became a worshipper of Kikubaaqudgha
  8649 | D:7      | Found an iron altar of Okawaru.
  9851 | D:8      | Found Akhysorr's Jewellery Shoppe.
  9876 | D:8      | Found Ceustroxu's Antique Armour Emporium.
 10716 | D:8      | Found Huorann's Assorted Antiques.
 11085 | D:8      | Found Hoecoitt's Jewellery Boutique.
 12028 | D:9      | Learned a level 4 spell: Animate Dead
 12473 | D:9      | Reached skill level 9 in Necromancy
 12793 | D:9      | Noticed a gargoyle
 12794 | D:9      | Found a transporter.
 12795 | D:9      | Noticed a two-headed ogre
 12797 | D:9      | Noticed PaiMei's ghost (novice DsNe)
 12806 | D:9      | Found a transporter.
 12813 | D:9      | Reached * piety under Kikubaaqudgha
 12813 | D:9      | Received a gift from Kikubaaqudgha
 13627 | D:8      | Noticed Joseph
 13642 | D:8      | Killed Joseph
 13643 | D:8      | Gained mutation: You have hoof-like feet. [demonic
                  | ancestry]
 13643 | D:8      | Reached XP level 10. HP: 32/72 MP: 1/20
 14238 | D:10     | Entered Level 10 of the Dungeon
 14238 | D:10     | Noticed Urug
 14247 | D:9      | Hit by a javelin thrown by Urug

Illustrated notes

Levels and vault maps discovered:
D:1:      dpeg_arrival_arbitrary_a, layout_basic
D:2:      layout_loops_ring
D:3:      layout_basic, minmay_misc_feat_doors
D:4:      layout_rooms, makhleb_blood_cavern_becter, mainiacjoe_overflow_catwalk
D:5:      layout_basic
D:6:      layout_basic, hangedman_decor_slide_cut, minmay_shop_grid_forest
D:7:      layout_loops_ring, okawaru_humans, nicolae_ru_awakened_eye,
          nicolae_wu_jian_immortal_techniques, minmay_temple_entry_fiery
D:8:      layout_layer_cave, serial_shops, kennysheep_mini, shop, shop, shop,
          minmay_misc_feat_pillars, uniq_joseph
D:9:      layout_gridville, gammafunk_ghost_arena
D:10:     layout_rooms, hellmonk_lair_entry_icy,
          kennysheep_orc_monster_closet_entryway, uniq_urug
Temple:   bh_familiar_temple

Skill      XL: |  1  2  3  4  5  6  7  8  9 10 |
---------------+-------------------------------+-----
Stealth        | 2 |  2.8
Dodging        | 2 3 4 5 6 7 |  7.0
Necromancy     | 5 6 7 9 |  9.3
Spellcasting   | 3 4 5 7 |  7.0
Fighting       | 1 2 3 5 6 |  6.8

Action                     |  1- 3 |  4- 6 |  7- 9 | 10-12 || total
---------------------------+-------+-------+-------+-------++-------
  Melee: Short sword       |     5 |    29 |    22 |       ||    56
         Dagger            |     8 |       |       |       ||     8
         Kick              |     3 |     3 |       |       ||     6
         Whip              |       |       |    76 |       ||    76
         Punch             |       |       |     2 |       ||     2
         Long sword        |       |       |    18 |     2 ||    20
   Cast: Necrotise         |    58 |    55 |    96 |     1 ||   210
         Vampiric Draining |       |    11 |   111 |     2 ||   124
    Use: Potion            |       |       |     4 |       ||     4
   Stab: Sleeping          |       |       |     1 |       ||     1
         Distracted        |       |       |     1 |       ||     1
 Armour: Robe              |    15 |    33 |   171 |       ||   219
         Steam dragon scal |       |       |    36 |    12 ||    48
  Dodge: Dodged            |    18 |    25 |   239 |    12 ||   294
